 Dungeon Crawl Stone Soup version 0.17.1-1-g73c8601 (webtiles) character file.

11113 Glider the Martial Artist (level 11, -2/80 HPs)
             Began as a Demonspawn Monk on Jan 7, 2016.
             Was a Follower of Ru.
             Slain by a six-headed hydra (11 damage)
             ... on level 11 of the Dungeon on Jan 8, 2016.
             The game lasted 00:52:46 (14033 turns).

Glider the Martial Artist (Demonspawn Monk)        Turns: 14033, Time: 00:52:46

Health: -2/80      AC: 15    Str: 13    XL:     11   Next: 45%
Magic:  14/14      EV:  8    Int: 14    God:    Ru [*.....]
Gold:   736        SH:  0    Dex: 17    Spells: 1 memorised, 14 levels left

rFire  . . .     SeeInvis .       - Unarmed
rCold  + . .     Clarity  +     T - +6 scale mail of Inviolability {rF+ Int+2}
rNeg   . . .     SustAt   .     (no shield)
rPois  .         Gourm    .     (helmet restricted)
rElec  .         Spirit   .     O - +0 cloak
rCorr  .         Warding  .     W - +1 pair of gloves
rMut   .         Stasis   .     (no boots)
MR     .....                    F - amulet of clarity
Stlth  ..........               J - ring of ice
                                m - +4 ring of slaying

@: very slightly contaminated, invisible (expiring), not resistant to hostile
enchantments, extremely unstealthy
A: antennae 1, frail 1, foul stench 2, rot immunity, no stealth
a: Renounce Religion


You were on level 11 of the Dungeon.
You worshipped Ru.
Ru was aware of your devotion.
You were hungry.

You visited 3 branches of the dungeon, and saw 13 of its levels.

You collected 736 gold pieces.

Inventory:

Missiles
 i - 4 javelins
 j - 2 throwing nets
 K - 2 poisoned javelins (quivered)
Armour
 O - a +0 cloak (worn)
 T - the +6 scale mail of Inviolability (worn) {rF+ Int+2}
   (You found it on level 7 of the Dungeon)

   It affects your intelligence (+2).
   It protects you from fire.
 W - a +1 pair of gloves (worn)
Jewellery
 m - a +4 ring of slaying (left hand)
 n - an uncursed ring of wizardry
 F - an amulet of clarity (around neck)
 J - a ring of ice (right hand)
 Y - an uncursed ring of positive energy
Wands
 a - a wand of fireball (10)
 d - a wand of hasting (0)
 f - a wand of fireball (6)
 G - a wand of flame (24)
 M - a wand of lightning (1)
 N - a wand of slowing (27)
 Q - a wand of paralysis (11)
 U - a wand of disintegration (11)
 Z - a wand of frost (25)
Scrolls
 c - 2 scrolls of enchant weapon
 g - 4 scrolls of remove curse
 p - 3 scrolls of enchant armour
 s - a scroll of noise
 t - a scroll of amnesia
 w - a scroll of blinking
 x - 3 scrolls of fog
 B - a scroll of teleportation
 D - 2 scrolls of magic mapping
 E - a scroll of immolation {unknown}
 S - a scroll of vulnerability
Potions
 e - a potion of invisibility
 h - 2 potions of berserk rage {unknown}
 l - a potion of resistance
 o - a potion of flight
 q - 2 potions of cancellation
 v - 2 potions of magic
 z - a potion of might {unknown}
 A - a potion of cure mutation {unknown}
 C - 2 potions of agility
 H - 2 potions of curing
 P - a potion of mutation {unknown}
Books
 u - a book of Beasts

   Spells                             Type                      Level
   a - Summon Butterflies             Summoning                    1
   b - Call Canine Familiar           Summoning                    3
   c - Summon Ice Beast               Ice/Summoning                4
   d - Summon Mana Viper              Hexes/Summoning              5
   e - Summon Hydra                   Summoning                    7
Miscellaneous
 I - a plain deck of summoning
Comestibles
 b - 10 bread rations


   Skills:
 - Level 9.2 Fighting
 - Level 7.0 Dodging
 * Level 12.3 Unarmed Combat
 - Level 2.5 Spellcasting
 - Level 4.2 Summonings


You had 14 spell levels left.
You knew the following spells:

 Your Spells              Type           Power        Failure   Level  Hunger
a - Summon Butterflies    Summ           ##......     24%         1    #......


Dungeon Overview and Level Annotations

Branches:
Dungeon (11/15)            Temple (1/1) D:5            Lair (1/8) D:10
    Orc (0/4) D:9

Altars:
Ashenzari
Cheibriados
Dithmenos
Elyvilon
Fedhas
Gozag
Kikubaaqudgha
Makhleb
Nemelex Xobeh
Okawaru
Qazlal
Ru
Sif Muna
Trog
Vehumet
Xom
Yredelemnul
Zin
The Shining One

Shops:
D:5 (

Annotations:
Lair:1 Fannar


Innate Abilities, Weirdness & Mutations

You have a pair of small antennae on your head.
You are frail (-10% HP).
You frequently emit foul miasma when damaged in melee.
You are immune to rotting.
You cannot be stealthy.


Message History

* * * LOW HITPOINT WARNING * * *
The five-headed hydra bites you!
* * * LOW HITPOINT WARNING * * *
You emit a cloud of foul miasma!
Drink which item? (? for menu, Esc to quit)
You fade into invisibility!
The five-headed hydra is engulfed in dark miasma.
The five-headed hydra seems to slow down.
The five-headed hydra bites you but does no damage. x5
You are very lightly contaminated with residual magic.
The five-headed hydra is engulfed in dark miasma.
The five-headed hydra is no longer moving slowly.
There is a stone staircase leading down here.
You climb downwards.
A six-headed hydra comes into view.
The six-headed hydra roars!
There is a stone staircase leading up here.
You flicker for a moment.
The six-headed hydra barely misses you. The six-headed hydra bites you!
You die...

####+##
#.D...#
#@....#
#.....#
+.....+
#.....#
#.....#
#.....#
##+####


You could see a six-headed hydra.

Vanquished Creatures
  Urug (D:10)
  A hill giant (D:10)
  Pikel (D:9)
  The ghost of Caphalor the Spear-Bearer, a novice MfBe of Trog (D:6)
  An elephant (D:10)
  A komodo dragon (D:10)
  Prince Ribbit (D:7)
  A deep elf mage (D:9)
  A wyvern (D:9)
  10 yaks (D:10)
  A hog (D:7)
  Grum (D:9)
  A hippogriff (D:9)
  A human (D:7)
  Menkaure (D:4)
  2 wolves (D:9)
  The ghost of Caphalor the Chiller, an amateur MfIE of Yredelemnul (D:4)
  Edmund (D:5)
  A warg (D:9)
  2 ice beasts
  A phantom (D:10)
  A water moccasin (D:7)
  3 black bears
  2 sky beasts
  3 orc warriors
  2 centaurs (D:5)
  7 ogres
  A crocodile (D:10)
  2 big kobolds
  9 giant frogs
  Blork the orc (D:4)
  A gnoll sergeant (D:9)
  A wyvern zombie (D:9)
  2 scorpions
  17 killer bees
  3 wights (D:10)
  3 giant frog zombies
  2 crimson imps
  7 orc priests
  4 orc wizards
  4 hounds
  3 giant frog skeletons
  A centaur skeleton (D:8)
  5 iguanas
  9 worker ants
  A killer bee zombie (D:6)
  4 sheep
  A hound zombie (D:9)
  A hound skeleton (D:10)
  A mummy (D:5)
  17 gnolls
  11 adders
  2 shadow imps
  4 oozes
  An adder zombie (D:5)
  7 worms
  9 giant geckos
  37 orcs
  12 bats
  5 giant cockroaches
  15 hobgoblins
  15 jackals
  13 kobolds
  8 quokkas
  A ball python (D:3)
  5 giant newts
  12 goblins
  A quokka skeleton (D:7)
  A quokka zombie (D:5)
  7 rats
316 creatures vanquished.

Vanquished Creatures (others)
  An adder skeleton (D:9)
  An orc (D:9)
2 creatures vanquished.

Grand Total: 318 creatures vanquished

Notes
Turn   | Place    | Note
--------------------------------------------------------------
     0 | D:1      | Glider the Demonspawn Monk began the quest for the Orb.
     0 | D:1      | Reached XP level 1. HP: 18/18 MP: 1/1
   194 | D:1      | Gained mutation: You are immune to rotting. [demonic ancestry]
   194 | D:1      | Reached XP level 2. HP: 20/24 MP: 2/2
   239 | D:1      | Reached skill level 4 in Unarmed Combat
  1148 | D:1      | Gained mutation: You have a pair of small antennae on your head. [demonic ancestry]
  1148 | D:1      | Reached XP level 3. HP: 29/29 MP: 3/3
  1956 | D:2      | Gained mutation: You may emit foul miasma when damaged in melee. [demonic ancestry]
  1956 | D:2      | Reached XP level 4. HP: 35/35 MP: 4/4
  2001 | D:2      | Found a deep blue altar of Sif Muna.
  2002 | D:2      | Found a shimmering altar of Xom.
  2072 | D:2      | Reached skill level 5 in Unarmed Combat
  3061 | D:3      | Noticed an ogre
  3078 | D:4      | Reached XP level 5. HP: 22/41 MP: 5/5
  3368 | D:4      | Noticed Blork the orc
  3370 | D:4      | Noticed an ogre
  3372 | D:4      | Killed Blork the orc
  3372 | D:4      | Reached skill level 6 in Unarmed Combat
  3378 | D:4      | Killed an ogre
  3378 | D:4      | Reached XP level 6. HP: 38/47 MP: 6/6
  3427 | D:4      | Noticed an ogre
  3432 | D:4      | Killed an ogre
  3432 | D:4      | Reached skill level 7 in Unarmed Combat
  3474 | D:4      | Noticed Menkaure
  3504 | D:5      | Entered Level 5 of the Dungeon
  3695 | D:5      | Found a staircase to the Ecumenical Temple.
  3705 | Temple   | Entered the Ecumenical Temple
  3928 | Temple   | Became a worshipper of Ru the Awakened
  4051 | D:5      | Gained mutation: You frequently emit foul miasma when damaged in melee. [demonic ancestry]
  4051 | D:5      | Reached XP level 7. HP: 38/52 MP: 7/7
  4146 | D:5      | Reached skill level 8 in Unarmed Combat
  4227 | D:5      | Found Coniu's Weapon Boutique.
  4419 | D:4      | Noticed Caphalor's ghost (amateur MfIE)
  4425 | D:4      | Killed Menkaure
  4425 | D:4      | Reached skill level 9 in Unarmed Combat
  4425 | D:4      | Reached XP level 8. HP: 45/58 MP: 8/8
  4543 | D:3      | Killed an ogre
  4623 | D:4      | Killed Caphalor's ghost
  4859 | D:4      | Noticed an orc warrior
  4880 | D:4      | HP: 1/58 [orc priest/divine providence (10)]
  5148 | D:4      | Killed an orc warrior
  5148 | D:4      | Reached skill level 10 in Unarmed Combat
  5393 | D:5      | Noticed Edmund
  5406 | D:5      | Killed Edmund
  5645 | D:5      | Found a snail-covered altar of Cheibriados.
  5809 | D:5      | Found a snail-covered altar of Cheibriados.
  5815 | D:5      | Found a bloodstained altar of Trog.
  5817 | D:5      | Found an iron altar of Okawaru.
  5817 | D:5      | Found a white marble altar of Elyvilon.
  5817 | D:5      | Found a glowing golden altar of the Shining One.
  6019 | D:6      | Learned a level 1 spell: Summon Butterflies
  6066 | D:6      | Noticed a moth of wrath
  6068 | D:6      | Found a bloodstained altar of Trog.
  6205 | D:6      | Noticed Caphalor's ghost (novice MfBe)
  6218 | D:6      | Killed Caphalor's ghost
  6218 | D:6      | Reached XP level 9. HP: 32/66 MP: 9/9
  6394 | D:6      | Reached skill level 5 in Dodging
  6568 | D:6      | Reached skill level 5 in Fighting
  7452 | D:7      | Got a polished scale mail
  8058 | D:7      | Reached skill level 11 in Unarmed Combat
  8406 | D:7      | Noticed Prince Ribbit
  8429 | D:7      | Killed Prince Ribbit
  8759 | D:7      | Reached XP level 10. HP: 50/76 MP: 10/10
  9351 | D:8      | Got a scorched ring mail
  9426 | D:8      | Found a sparkling altar of Nemelex Xobeh.
  9453 | D:8      | Identified the +6 scale mail of Inviolability {rF+ Int+2} (You found it on level 7 of the Dungeon)
  9463 | D:8      | Identified the cursed +1 ring mail "Veejosoh" {Int+4} (You found it on level 8 of the Dungeon)
 10261 | D:8      | Reached skill level 12 in Unarmed Combat
 10403 | D:9      | Noticed Grum
 10438 | D:9      | Killed Grum
 10796 | D:9      | Gained mutation: You cannot be stealthy. [Ru sacrifice]
 10825 | D:9      | Reached skill level 1 in Summonings
 10848 | D:9      | Noticed Pikel
 11179 | D:9      | Found a staircase to the Orcish Mines.
 11438 | D:9      | Killed Pikel
 11579 | D:9      | Found a deep blue altar of Sif Muna.
 11983 | D:10     | Entered Level 10 of the Dungeon
 12240 | D:10     | Reached skill level 1 in Spellcasting
 12243 | D:10     | Reached XP level 11. HP: 86/86 MP: 10/12
 12288 | D:10     | Noticed an elephant
 12289 | D:10     | Found a staircase to the Lair.
 12311 | D:10     | Killed an elephant
 12528 | Lair:1   | Entered Level 1 of the Lair of Beasts
 12528 | Lair:1   | Noticed Fannar
 12534 | Lair:1   | Noticed a five-headed hydra
 12616 | D:10     | Noticed a hill giant
 12622 | D:10     | Noticed Urug
 12623 | D:10     | Killed a hill giant
 12638 | D:10     | Killed Urug
 13153 | D:10     | Gained mutation: You are frail (-10% HP). [Ru sacrifice]
 13153 | D:10     | Reached * piety under Ru
 13406 | D:10     | Found a blossoming altar of Fedhas.
 14032 | D:11     | Noticed a six-headed hydra
 14033 | D:11     | Slain by a six-headed hydra

Action                   |  1- 3 |  4- 6 |  7- 9 | 10-12 || total
-------------------------+-------+-------+-------+-------++-------
Melee: Unarmed           |   122 |    98 |   318 |   483 ||  1021
Throw: Javelin           |     7 |    16 |    30 |    12 ||    65
Invok: Sacrifice Stealth |       |       |       |     1 ||     1
       Sacrifice Health  |       |       |       |     1 ||     1
Evoke: Wand              |       |       |       |     1 ||     1
  Use: Scroll            |       |       |     9 |    19 ||    28
       Potion            |       |       |     1 |     1 ||     2
 Stab: Sleeping          |     5 |     5 |     6 |     2 ||    18
       Distracted        |       |       |     3 |     1 ||     4
  Eat: Chunk             |     3 |     6 |    15 |    17 ||    41
